Workbook

Sheet Лист1
A1: Время нахождения автомобиля в эксплуатации | B1: 2013 г. | C1: 2014 г. | D1: 2015 г.
A2: До 5 лет | B2: 75 | C2: 54 | D2: 35 | E2: =D2-B2 -> -40 | F2: =E2/B2*100 -> -53.333333
A3: 5-10 лет | B3: 279 | C3: 155 | D3: 142 | E3: =D3-B3 -> -137 | F3: =E3/B3*100 -> -49.103943
A4: 10-15 лет | B4: 229 | C4: 276 | D4: 213 | E4: =D4-B4 -> -16 | F4: =E4/B4*100 -> -6.9868996
A5: Свыше 15 лет | B5: 131 | C5: 169 | D5: 200 | E5: =D5-B5 -> 69 | F5: =E5/B5*100 -> 52.671756
A6: Итого: | B6: 714 | C6: 654 | D6: 590 | E6: =D6-B6 -> -124 | F6: =E6/B6*100 -> -17.366947

Sheet Лист2
A1: Показатель | B1: 2013 г. | C1: 2014 г. | D1: 2015 г.
A2: Руководители | B2: 36 | C2: 33 | D2: 27 | E2: =D2-B2 -> -9 | F2: =E2/B2*100 -> -25
A3: Водители | B3: 760 | C3: 710 | D3: 570 | E3: =D3-B3 -> -190 | F3: =E3/B3*100 -> -25
A4: Ремонтные и вспомогательные рабочие | B4: 42 | C4: 40 | D4: 32 | E4: =D4-B4 -> -10 | F4: =E4/B4*100 -> -23.809524
A5: Служащие | B5: 16 | C5: 15 | D5: 15 | E5: =D5-B5 -> -1 | F5: =E5/B5*100 -> -6.25
A6: Итого | B6: =SUM(B2:B5) -> 854 | C6: =SUM(C2:C5) -> 798 | D6: =SUM(D2:D5) -> 644 | E6: =D6-B6 -> -210 | F6: =E6/B6*100 -> -24.590164

Sheet Лист3
A1: Показатель | B1: 2013 г. | C1: 2014 г. | D1: 2015 г.
A2: Средняя заработная плата, руб. | B2: 23010 | C2: 23570 | D2: 24170 | E2: =D2-B2 -> 1160 | F2: =E2/B2*100 -> 5.0412864
A3: Фонд заработной платы, тыс.руб. | B3: =B2*Лист2!B6*12/1000 -> 235806.48 | C3: =C2*Лист2!C6*12/1000 -> 225706.32 | D3: =D2*Лист2!D6*12/1000 -> 186785.76 | E3: =D3-B3 -> -49020.72 | F3: =E3/B3*100 -> -20.788538

Sheet Лист4
A1: Показатели | B1: Ед. изм. | C1: 2013 г. | D1: 2014 г. | E1: 2015 г.
A2: Среднесписочное количество ТС | B2: ед. | C2: 714 | D2: 654 | E2: 590 | F2: =E2-C2 -> -124 | G2: =F2/C2*100 -> -17.366947
A3: Автомобиле-дни в хозяйстве | B3: ед. | C3: =C2*365 -> 260610 | D3: =D2*365 -> 238710 | E3: =E2*365 -> 215350 | F3: =E3-C3 -> -45260 | G3: =F3/C3*100 -> -17.366947
A4: Автомобиле-дни в работе | B4: ед. | C4: =C2*365*C10 -> 169917.72 | D4: =D2*365*D10 -> 139167.93 | E4: =E2*365*E10 -> 129425.35 | F4: =E4-C4 -> -40492.37 | G4: =F4/C4*100 -> -23.830575
A5: Автомобиле-дни в ремонте | B5: ед. | C5: =C3-C4 -> 90692.28 | D5: =D3-D4 -> 99542.07 | E5: =E3-E4 -> 85924.65 | F5: =E5-C5 -> -4767.63 | G5: =F5/C5*100 -> -5.2569304
A6: Среднесуточный ходовой парк | B6: ед. | C6: =C2*C9 -> 503.37 | D6: =D2*D9 -> 455.838 | E6: =E2*E9 -> 408.28 | F6: =E6-C6 -> -95.09 | G6: =F6/C6*100 -> -18.890677
A7: Средняя пассажировместимость автобусов | B7: чел | C7: 29.36 | D7: 29.51 | E7: 29.66 | F7: =E7-C7 -> 0.3 | G7: =F7/C7*100 -> 1.0217984
A8: Средняя грузоподъёмность автомобилей | B8: тонн | C8: 7.2 | D8: 7.3 | E8: 6.9 | F8: =E8-C8 -> -0.3 | G8: =F8/C8*100 -> -4.1666667
A9: Коэффициент технической готовности | B9: - | C9: 0.705 | D9: 0.697 | E9: 0.692 | F9: =E9-C9 -> -0.013 | G9: =F9/C9*100 -> -1.8439716
A10: Коэффициент использования парка | B10: - | C10: 0.652 | D10: 0.583 | E10: 0.601 | F10: =E10-C10 -> -0.051 | G10: =F10/C10*100 -> -7.8220859
A11: Коэффициент использования пробега | B11: - | C11: 0.874 | D11: 0.893 | E11: 0.904 | F11: =E11-C11 -> 0.03 | G11: =F11/C11*100 -> 3.4324943
A12: Эксплуатационная скорость | B12: км/ч | C12: 21.2 | D12: 19.7 | E12: 18.9 | F12: =E12-C12 -> -2.3 | G12: =F12/C12*100 -> -10.849057
A13: Среднесуточный пробег | B13: км | C13: 186.9 | D13: 182.8 | E13: 188.2 | F13: =E13-C13 -> 1.3 | G13: =F13/C13*100 -> 0.69555912
A14: Общий пробег | B14: тыс. км | C14: =C6*C13*C4/1000 -> 15985834 | D14: =D6*D13*D4/1000 -> 11596472 | E14: =E6*E13*E4/1000 -> 9944823.4 | F14: =E14-C14 -> -6041010.8 | G14: =F14/C14*100 -> -37.789775
C16: =0.18*C4*6*8/1000 -> 1468.0891 | D16: =0.18*D4*6*8/1000 -> 1202.4109 | E16: =0.18*E4*6*8/1000 -> 1118.235
C17: =C4*C7*8/1000 -> 39910.274 | D17: =D4*D7*8/1000 -> 32854.765 | E17: =E4*E7*8/1000 -> 30710.047
C18: =C17*C13 -> 7459230.2 | D18: =D17*D13 -> 6005851 | E18: =E17*E13 -> 5779630.9
D23: =440/590 -> 0.74576271
D24: =1-D23 -> 0.25423729
E26: =1199664200/33/1000 -> 36353.461
E27: =E26*D23 -> 27111.055
E28: =E26*D24 -> 9242.4052

Sheet Лист5
A1: Показатель | B1: Год
B2: 2013 г. | C2: 2014 г. | D2: 2015 г.
A3: Выручка | B3: 3545174 | C3: 2770075 | D3: 1744004 | E3: =D3-B3 -> -1801170 | F3: =E3/B3*100 -> -50.806251 | G3: =B3*0.7 -> 2481621.8
A4: Себестоимость работ и услуг | B4: 2481622 | C4: 1751084 | D4: 1411006 | E4: =D4-B4 -> -1070616 | F4: =E4/B4*100 -> -43.141784 | I4: =B4/B3 -> 0.70000006 | J4: =C4/C3 -> 0.63214317 | K4: =D4/D3 -> 0.80906122
A5: Валовая прибыль | B5: =B3-B4 -> 1063552 | C5: =C3-C4 -> 1018991 | D5: =D3-D4 -> 332998 | E5: =D5-B5 -> -730554 | F5: =E5/B5*100 -> -68.690012 | I5: =B5/B3 -> 0.29999994 | J5: =C5/C3 -> 0.36785683 | K5: =D5/D3 -> 0.19093878
A6: Коммерческие расходы | B6: 6489 | C6: 2938 | D6: 14245 | E6: =D6-B6 -> 7756 | F6: =E6/B6*100 -> 119.52535
A7: Управленческие расходы | B7: 124572 | C7: 157125 | D7: 130895 | E7: =D7-B7 -> 6323 | F7: =E7/B7*100 -> 5.0757795
A8: Прибыль (убыток) от продаж | B8: =B5+B6-B7 -> 945469 | C8: =C5+C6-C7 -> 864804 | D8: =D5+D6-D7 -> 216348 | E8: =D8-B8 -> -729121 | F8: =E8/B8*100 -> -77.117388
A9: Проценты к получению | B9: 5124 | C9: 1245 | D9: 710 | E9: =D9-B9 -> -4414 | F9: =E9/B9*100 -> -86.143638
A10: Проценты к уплате | B10: 122223 | C10: 183910 | D10: 145507 | E10: =D10-B10 -> 23284 | F10: =E10/B10*100 -> 19.050424
A11: Прочие доходы | B11: 30727 | C11: 28554 | D11: 45241 | E11: =D11-B11 -> 14514 | F11: =E11/B11*100 -> 47.23533
A12: Прочие расходы | B12: 177720 | C12: 240353 | D12: 79150 | E12: =D12-B12 -> -98570 | F12: =E12/B12*100 -> -55.463651
A13: Прибыль (убыток) до налогообложения | B13: =B8+B9-B10+B11-B12 -> 681377 | C13: =C8+C9-C10+C11-C12 -> 470340 | D13: =D8+D9-D10+D11-D12 -> 37642 | E13: =D13-B13 -> -643735 | F13: =E13/B13*100 -> -94.475599
A14: Отложенные налоговые активы | B14: 62165 | C14: 96299 | D14: 8282 | E14: =D14-B14 -> -53883 | F14: =E14/B14*100 -> -86.677391
A15: Отложенные налоговые обязательства | B15: 1229 | C15: 5376 | D15: 789 | E15: =D15-B15 -> -440 | F15: =E15/B15*100 -> -35.801465
A16: Налоговые платежи и сборы | B16: =SUM(B20:B27) -> 277992.05 | C16: =SUM(C20:C27) -> 230550.89 | D16: =SUM(D20:D27) -> 129382.69 | E16: =D16-B16 -> -148609.36 | F16: =E16/B16*100 -> -53.458133
A17: Чистая прибыль (убыток) отчетного периода | B17: =B13+B14-B15-B16 -> 464320.95 | C17: =C13+C14-C15-C16 -> 330712.11 | D17: =D13+D14-D15-D16 -> -84247.688 | E17: =D17-B17 -> -548568.64 | F17: =E17/B17*100 -> -118.14428
B18: =B17/12 -> 38693.413 | C18: =C17/12 -> 27559.343 | D18: =D17/12 -> -7020.6407
A20: Налог на прибыль | B20: =0.2*B13 -> 136275.4 | C20: =0.2*C13 -> 94068 | D20: =0.2*D13 -> 7528.4 | E20: =D20-B20 -> -128747 | F20: =E20/B20*100 -> -94.475599
A21: Налог на имущество | B21: 5124 | C21: 4215 | D21: 4111 | E21: =D21-B21 -> -1013 | F21: =E21/B21*100 -> -19.769711
A22: Земельный налог | B22: =142000*0.3 -> 42600 | C22: =142000*0.3 -> 42600 | D22: =142000*0.3 -> 42600 | E22: =D22-B22 -> 0 | F22: =E22/B22*100 -> 0
A23: Транспортный налог | B23: =Лист1!B6*5.2 -> 3712.8 | C23: =Лист1!C6*5.2 -> 3400.8 | D23: =Лист1!D6*5.2 -> 3068 | E23: =D23-B23 -> -644.8 | F23: =E23/B23*100 -> -17.366947
A24: Взносы в социальные Фонды (ПФР, ФОС, ФОМС) | B24: =Лист3!B3*0.35 -> 82532.268 | C24: =Лист3!C3*0.35 -> 78997.212 | D24: =Лист3!D3*0.35 -> 65375.016 | E24: =D24-B24 -> -17157.252 | F24: =E24/B24*100 -> -20.788538
A25: Отчисления в фонд социального и медицинского страхования | B25: =Лист3!B3*0.009 -> 2122.2583 | C25: =Лист3!C3*0.009 -> 2031.3569 | D25: =Лист3!D3*0.009 -> 1681.0718 | E25: =D25-B25 -> -441.18648 | F25: =E25/B25*100 -> -20.788538
A26: Сбор за загрязнение окружающей среды (сверхнормативные выбросы) | B26: =356 -> 356 | C26: 412 | D26: 665 | E26: =D26-B26 -> 309 | F26: =E26/B26*100 -> 86.797753 | H26: =B26/B16 -> 0.0012806122 | I26: =C26/C16 -> 0.0017870241 | J26: =D26/D16 -> 0.0051397912
A27: Страхование пассажиров от несчастных случаев | B27: =9*Лист1!B6*0.82 -> 5269.32 | C27: =9*Лист1!C6*0.82 -> 4826.52 | D27: =9*Лист1!D6*0.82 -> 4354.2 | E27: =D27-B27 -> -915.12 | F27: =E27/B27*100 -> -17.366947
E28: =D28-B28 -> 0 | F28: =E28/B28*100 -> #DIV/0!

Sheet Лист6
A1: Вид деятельности | B1: 2013 г | C1: 2014 г. | D1: 2015 г.
A2: Перевозка пассажиров | B2: 3165474 | C2: 2720326 | D2: 1717980 | E2: =D2-B2 -> -1447494 | F2: =E2/B2*100 -> -45.727559
A3: Перевозка грузов | B3: 366600 | C3: 37701 | D3: 12933 | E3: =D3-B3 -> -353667 | F3: =E3/B3*100 -> -96.472177
A4: Услуги по ремонту ТС | B4: 7501 | C4: 7742 | D4: 10322 | E4: =D4-B4 -> 2821 | F4: =E4/B4*100 -> 37.608319
A5: Услуги по техосмотру ТС | B5: 3476 | C5: 3452 | D5: 1474 | E5: =D5-B5 -> -2002 | F5: =E5/B5*100 -> -57.594937
A6: Мойка ТС | B6: 2123 | C6: 854 | D6: 1295 | E6: =D6-B6 -> -828 | F6: =E6/B6*100 -> -39.001413
A7: ИТОГО: | B7: 3545174 | C7: =SUM(C2:C6) -> 2770075 | D7: 1744004 | E7: =D7-B7 -> -1801170 | F7: =E7/B7*100 -> -50.806251
F8: =AVERAGE(F2:F7) -> -41.999003

Sheet Лист7
A1: Статьи | B1: Сумма по годам, тыс. руб.
B2: 2013 г. | C2: 2014 г. | D2: 2015 г.
A3: Зарплата | B3: =Лист3!B3 -> 235806.48 | C3: =Лист3!C3 -> 225706.32 | D3: =Лист3!D3 -> 186785.76 | E3: =D3-B3 -> -49020.72 | F3: =E3/B3*100 -> -20.788538
A4: Отчисления | B4: =B3*0.035 -> 8253.2268 | C4: =C3*0.035 -> 7899.7212 | D4: =D3*0.035 -> 6537.5016 | E4: =D4-B4 -> -1715.7252 | F4: =E4/B4*100 -> -20.788538
A5: Топливо | B5: 2218685 | C5: 1499011.7 | D5: 1199664.2 | E5: =D5-B5 -> -1019020.8 | F5: =E5/B5*100 -> -45.929042
A6: Смазочные материалы | B6: 106.1 | C6: 122.6 | D6: 258.6 | E6: =D6-B6 -> 152.5 | F6: =E6/B6*100 -> 143.73233
A7: Автошины | B7: 1334.6 | C7: 1771.3 | D7: 1740.9 | E7: =D7-B7 -> 406.3 | F7: =E7/B7*100 -> 30.443579
A8: ТО и ремонт | B8: 1734.9 | C8: 1473.9 | D8: 2115.4 | E8: =D8-B8 -> 380.5 | F8: =E8/B8*100 -> 21.9321
A9: Амортизация | B9: 12844 | C9: 11532.3 | D9: 10339.8 | E9: =D9-B9 -> -2504.2 | F9: =E9/B9*100 -> -19.497041
A10: Накладные расходы | B10: 2857.7 | C10: 3566.2 | D10: 3563.8 | E10: =D10-B10 -> 706.1 | F10: =E10/B10*100 -> 24.708682
A11: Итого | B11: =SUM(B3:B10) -> 2481622 | C11: =SUM(C3:C10) -> 1751084 | D11: =SUM(D3:D10) -> 1411006 | E11: =D11-B11 -> -1070616 | F11: =E11/B11*100 -> -43.141784
B12: =Лист5!B4 -> 2481622 | C12: =Лист5!C4 -> 1751084 | D12: =Лист5!D4 -> 1411006
B13: =B11-B12 -> 0 | C13: =C11-C12 -> 0 | D13: =D11-D12 -> 0
B14: =B12-B10-B9-B8-B7-B6-B4-B3 -> 2218685 | C14: =C12-C10-C9-C8-C7-C6-C4-C3 -> 1499011.7 | D14: =D12-D10-D9-D8-D7-D6-D4-D3 -> 1199664.2

Sheet Лист9
A1: Показатели | B1: 2013 г. | C1: 2014 г. | D1: 2015 г. | E1: Отклонение,
E2: (+;-)
A3: Общая сумма всех уплаченных налогов и сборов | B3: =Лист5!B16 -> 277992.05 | C3: =Лист5!C16 -> 230550.89 | D3: =Лист5!D16 -> 129382.69 | E3: =D3-B3 -> -148609.36
A4: Выручка | B4: =Лист5!B3 -> 3545174 | C4: =Лист5!C3 -> 2770075 | D4: =Лист5!D3 -> 1744004 | E4: =D4-B4 -> -1801170
A5: Размер налоговой нагрузки, % | B5: =B3/B4*100 -> 7.8414218 | C5: =C3/C4*100 -> 8.3229114 | D5: =D3/D4*100 -> 7.4187151 | E5: =D5-B5 -> -0.4227067

Sheet Лист10
A1: Показатели | B1: 2013 г. | C1: 2014 г. | D1: 2015 г. | E1: Отклонение, (+;-)
A2: Общая сумма всех уплаченных налогов | B2: 277992 | C2: 230551 | D2: 129383 | E2: =D2-B2 -> -148609
A3: Вновь созданная стоимость | B3: =Лист5!B3-Лист7!B9-SUM(Лист7!B5:B8)+Лист5!B9+Лист5!B11-Лист5!B10-Лист5!B12 -> 1046377.4 | C3: =Лист5!C3-Лист7!C9-SUM(Лист7!C5:C8)+Лист5!C9+Лист5!C11-Лист5!C10-Лист5!C12 -> 861699.24 | D3: =Лист5!D3-Лист7!D9-SUM(Лист7!D5:D8)+Лист5!D9+Лист5!D11-Лист5!D10-Лист5!D12 -> 351179.06 | E3: =D3-B3 -> -695198.35
A4: Размер налоговой нагрузки, % | B4: =B2/B3*100 -> 26.567087 | C4: =C2/C3*100 -> 26.755391 | D4: =D2/D3*100 -> 36.842458 | E4: =D4-B4 -> 10.275371

Sheet Лист11
A1: Показатели | B1: 2013 г. | C1: 2014 г. | D1: 2015 г. | E1: Отклонение,
E2: (+;-)
A3: Общая сумма всех уплаченных налогов, тыс. руб. | B3: =Лист10!B2 -> 277992 | C3: =Лист10!C2 -> 230551 | D3: =Лист10!D2 -> 129383 | E3: =D3-B3 -> -148609
A4: Доля налогов в выручке от продаж, % | B4: =B3/Лист5!B3*100 -> 7.8414205 | C4: =C3/Лист5!C3*100 -> 8.3229154 | D4: =D3/Лист5!D3*100 -> 7.418733 | E4: =D4-B4 -> -0.42268749
A5: Доля налогов во вновь созданной стоимости, % | B5: =Лист10!B4 -> 26.567087 | C5: =Лист10!C4 -> 26.755391 | D5: =Лист10!D4 -> 36.842458 | E5: =D5-B5 -> 10.275371
A6: Доля налогов в чистой прибыли, % | B6: =B3/Лист5!B17*100 -> 59.870656 | C6: =C3/Лист5!C17*100 -> 69.713504 | D6: =D3/Лист5!D17*100 -> -153.57454 | E6: =D6-B6 -> -213.4452

Sheet Лист12
A1: Показатели | B1: 2013 г. | C1: 2014 г. | D1: 2015 г. | E1: Отклонение,
E2: (+;-)
A3: Общая сумма всех уплаченных налогов, тыс. руб. | B3: =Лист10!B2 -> 277992 | C3: =Лист10!C2 -> 230551 | D3: =Лист10!D2 -> 129383 | E3: =D3-B3 -> -148609
A4: Налоговая нагрузка по методике Минфина России | B4: =B3/Лист5!B3*100 -> 7.8414205 | C4: =C3/Лист5!C3*100 -> 8.3229154 | D4: =D3/Лист5!D3*100 -> 7.418733 | E4: =D4-B4 -> -0.42268749
A5: Налоговая нагрузка по методике Е.А. Кировой | B5: =Лист10!B4 -> 26.567087 | C5: =Лист10!C4 -> 26.755391 | D5: =Лист10!D4 -> 36.842458 | E5: =D5-B5 -> 10.275371
A6: Налоговая нагрузка по методике М.И. Литвина | B6: =B3/Лист5!B17*100 -> 59.870656 | C6: =C3/Лист5!C17*100 -> 69.713504 | D6: =-D3/Лист5!D17*100 -> 153.57454 | E6: =D6-B6 -> 93.703885

Sheet Лист13
A1: Показатели | B1: Факт (2015 г.) | C1: План | D1: Изменение,
D2: (+;-)
A3: Коэффициент технической готовности | B3: 0.692 | C3: 0.97 | D3: =C3-B3 -> 0.278 | E3: =D3/B3*100 -> 40.17341
A4: Эксплуатационная скорость | B4: 18.9 | C4: 25 | D4: =C4-B4 -> 6.1 | E4: =D4/B4*100 -> 32.275132
A5: Автомобили-дни в работе | B5: 129425 | C5: =B5*1.2 -> 155310 | D5: =C5-B5 -> 25885 | E5: =D5/B5*100 -> 20
A6: Автомобиле-дни в ремонте | B6: 85925 | C6: =B6*0.8 -> 68740 | D6: =C6-B6 -> -17185 | E6: =D6/B6*100 -> -20
A7: Объем перевозок пассажиров | B7: 1115.1 | C7: =B7*1.22 -> 1360.422 | D7: =C7-B7 -> 245.322 | E7: =D7/B7*100 -> 22
A8: Объем перевозок грузов | B8: 162407.2 | C8: =B8*1.22 -> 198136.78 | D8: =C8-B8 -> 35729.584 | E8: =D8/B8*100 -> 22
A9: Выручка | B9: 1744004 | C9: =B9*1.1 -> 1918404.4 | D9: =C9-B9 -> 174400.4 | E9: =D9/B9*100 -> 10
A10: Себестоимость работ и услуг, в т.ч.: | B10: 1411006 | C10: =B10+D11+D12+D13 -> 1230292.4 | D10: =C10-B10 -> -180713.55 | E10: =D10/B10*100 -> -12.807426
A11: расходы на текущий, капитальный и восстановительный ремонт подвижного состава | B11: 2115.4 | C11: =B11*0.7 -> 1480.78 | D11: =C11-B11 -> -634.62 | E11: =D11/B11*100 -> -30
A12: расходы на топливо | B12: 1199664.2 | C12: =B12*0.85 -> 1019714.6 | D12: =C12-B12 -> -179949.63 | E12: =D12/B12*100 -> -15
A13: расходы на смазочные материалы | B13: 258.6 | C13: =B13*0.5 -> 129.3 | D13: =C13-B13 -> -129.3 | E13: =D13/B13*100 -> -50
A14: Валовая прибыль | B14: 332998 | C14: =C9-C10 -> 688111.95 | D14: =C14-B14 -> 355113.95 | E14: =D14/B14*100 -> 106.64147
A15: Прибыль (убыток) от продаж | B15: 216348 | C15: =B15+D14 -> 571461.95 | D15: =C15-B15 -> 355113.95 | E15: =D15/B15*100 -> 164.14016
A16: Прибыль до налогообложения | B16: 37642 | C16: =B16+D15 -> 392755.95 | D16: =C16-B16 -> 355113.95 | E16: =D16/B16*100 -> 943.3982
A17: Общая сумма всех уплаченных налогов, тыс. руб. | B17: 129383 | C17: =B17-665 -> 128718 | D17: =C17-B17 -> -665 | E17: =D17/B17*100 -> -0.51397788
A18: Чистая прибыль (убыток) | B18: -84248 | C18: =C16-C17 -> 264037.95 | D18: =C18-B18 -> 348285.95 | E18: =D18/B18*100 -> -413.4056
A19: Рентабельность, % | B19: =B18/B9*100 -> -4.8307229 | C19: =C18/C9*100 -> 13.763415 | D19: =C19-B19 -> 18.594137 | E19: =D19-B19 -> 23.42486
C22: =C17/C9*100 -> 6.7096385

Sheet Лист8
A1: Марка действующего ТС | B1: Марка нового ТС | C1: Количество ТС, требующих замены, ед. | D1: Рыночная стоимость ТС, требующих замены, тыс.руб. | E1: Суммарная выручка от продажи ТС, требующих замены, тыс.руб. | F1: Начислено амортизационных отчислений, тыс.руб. | G1: Цена 1 ед. новой техники, тыс.руб. | H1: Общая стоимость закупки, тыс.руб.
A2: Пассажирские
A3: ГАЗ 2752 Газель | B3: Форд Транзит 155Т460 | C3: 145 | D3: 288 | E3: =D3*C3 -> 41760 | F3: =D3*200 -> 57600 | G3: 2559 | H3: =C3*G3 -> 371055
B4: Форд Транзит 155Т460 | C4: 10 | D4: 270 | E4: =D4*C4 -> 2700 | F4: =D4*200 -> 54000 | G4: 2560 | H4: =C4*G4 -> 25600
A5: Икарус 260 | B5: ЛиАЗ 5256 | C5: 20 | D5: 350 | E5: =D5*C5 -> 7000 | F5: =D5*1205 -> 421750 | G5: 6456 | H5: =C5*G5 -> 129120
A6: КАВЗ-4238-71 | B6: КАВЗ-4238-71 | C6: 10 | D6: 540 | E6: =D6*C6 -> 5400 | F6: =D6*601 -> 324540 | G6: 3204 | H6: =C6*G6 -> 32040
A7: ЛиАЗ 5256 | B7: ЛиАЗ 5256 | C7: 20 | D7: 620 | E7: =D7*C7 -> 12400 | F7: =D7*506 -> 313720 | G7: 6456 | H7: =C7*G7 -> 129120
A8: ЛиАЗ 6213 | B8: ЛиАЗ 6213 | C8: 20 | D8: 600 | E8: =D8*C8 -> 12000 | F8: =D8*521 -> 312600 | G8: 4567 | H8: =C8*G8 -> 91340
A9: ПАЗ 320414 | B9: МАЗ-241 | C9: 10 | D9: 350 | E9: =D9*C9 -> 3500 | F9: =D9*342 -> 119700 | G9: 2658 | H9: =C9*G9 -> 26580
A10: ПАЗ 3205 ОА | B10: МАЗ-241 | C10: 40 | D10: 360 | E10: =D10*C10 -> 14400 | F10: =D10*284 -> 102240 | G10: 2355 | H10: =C10*G10 -> 94200
A11: ПАЗ-3205 | B11: МАЗ-241 | C11: 200 | D11: 340 | E11: =D11*C11 -> 68000 | F11: =D11*298 -> 101320 | G11: 2841 | H11: =C11*G11 -> 568200
A12: Грузовые
A13: КамАЗ-5320-R | B13: КамАЗ-5320-R | C13: 20 | D13: 800 | E13: =D13*C13 -> 16000 | F13: =D13*1298 -> 1038400 | G13: 3325 | H13: =C13*G13 -> 66500
A14: КамАЗ-53205 | B14: КамАЗ-53205 | C14: 50 | D14: 700 | E14: =D14*C14 -> 35000 | F14: =D14*1110 -> 777000 | G14: 3224 | H14: =C14*G14 -> 161200
A15: ЗиЛ-431610 | B15: ЗиЛ-431610 | C15: 10 | D15: 450 | E15: =D15*C15 -> 4500 | F15: =D15*298 -> 134100 | G15: 2864 | H15: =C15*G15 -> 28640
A16: Всего | C16: =SUM(C3:C11,C13:C15) -> 555 | D16: - | E16: =SUM(E3:E11,E13:E15) -> 222660 | F16: =SUM(F3:F11,F13:F15) -> 3756970 | G16: =SUM(G3:G11,G13:G15) -> 43069 | H16: =SUM(H3:H11,H13:H15) -> 1723595
F19: средн.цена | H19: =AVERAGE(G3:G11,G13:G15) -> 3589.0833
F20: Валовая прибыль от замены | H20: =E16+F16-H16 -> 2256035
F21: Можно ещё купить, ед | H21: =H20/H19 -> 628.58251
F24: =E16+F16 -> 3979630

Sheet Лист14
A1: Показатели | B1: Факт (2015 г.) | C1: План | D1: Изменение,
D2: (+;-)
A3: Общая сумма всех уплаченных налогов, тыс. руб. | B3: =Лист13!B17 -> 129383 | C3: =Лист13!C17 -> 128718 | D3: =C3-B3 -> -665 | E3: =D3/B3*100 -> -0.51397788
A4: Доля налогов в выручке от продаж, % | B4: =Лист9!D5 -> 7.4187151 | C4: =Лист13!C17/Лист13!C9*100 -> 6.7096385 | D4: =C4-B4 -> -0.7090766
A5: Доля налогов во вновь созданной стоимости, % | B5: =Лист12!D5 -> 36.842458 | C5: =C3/(Лист13!C9-Лист13!C11-Лист13!C12-Лист13!C13+Лист5!D9+Лист5!D11-Лист5!D10-Лист5!D12)*100 -> 17.917971 | D5: =C5-B5 -> -18.924488
A6: Доля налогов в чистой прибыли, % | B6: 153.57 | C6: =C3/Лист13!C18*100 -> 48.74981 | D6: =C6-B6 -> -104.82019

Sheet Лист13 (2)
A1: Показатели | B1: Факт (2015 г.) | C1: План | D1: Изменение,
D2: (+;-)
A3: Коэффициент технической готовности | B3: 0.692 | C3: 0.97 | D3: =C3-B3 -> 0.278 | E3: =D3/B3*100 -> 40.17341
A4: Эксплуатационная скорость | B4: 18.9 | C4: 25 | D4: =C4-B4 -> 6.1 | E4: =D4/B4*100 -> 32.275132
A5: Автомобили-дни в работе | B5: 129425 | C5: =B5*1.2 -> 155310 | D5: =C5-B5 -> 25885 | E5: =D5/B5*100 -> 20
A6: Автомобиле-дни в ремонте | B6: 85925 | C6: =B6*0.8 -> 68740 | D6: =C6-B6 -> -17185 | E6: =D6/B6*100 -> -20
A7: Объем перевозок пассажиров | B7: 1115.1 | C7: =B7*1.22 -> 1360.422 | D7: =C7-B7 -> 245.322 | E7: =D7/B7*100 -> 22
A8: Объем перевозок грузов | B8: 162407.2 | C8: =B8*1.22 -> 198136.78 | D8: =C8-B8 -> 35729.584 | E8: =D8/B8*100 -> 22
A9: Выручка | B9: 1744004 | C9: =B9*1.1 -> 1918404.4 | D9: =C9-B9 -> 174400.4 | E9: =D9/B9*100 -> 10
A10: Себестоимость работ и услуг, в т.ч.: | B10: 1411006 | C10: =B10+D11+D12+D13 -> 1230292.4 | D10: =C10-B10 -> -180713.55 | E10: =D10/B10*100 -> -12.807426
A11: расходы на текущий, капитальный и восстановительный ремонт подвижного состава | B11: 2115.4 | C11: =B11*0.7 -> 1480.78 | D11: =C11-B11 -> -634.62 | E11: =D11/B11*100 -> -30
A12: расходы на топливо | B12: 1199664.2 | C12: =B12*0.85 -> 1019714.6 | D12: =C12-B12 -> -179949.63 | E12: =D12/B12*100 -> -15
A13: расходы на смазочные материалы | B13: 258.6 | C13: =B13*0.5 -> 129.3 | D13: =C13-B13 -> -129.3 | E13: =D13/B13*100 -> -50
A14: Валовая прибыль | B14: 332998 | C14: =C9-C10 -> 688111.95 | D14: =C14-B14 -> 355113.95 | E14: =D14/B14*100 -> 106.64147 | I14: =392755.95*20% -> 78551.19
A15: Прибыль (убыток) от продаж | B15: 216348 | C15: =C14+Лист5!D6-Лист5!D7 -> 571461.95 | D15: =C15-B15 -> 355113.95 | E15: =D15/B15*100 -> 164.14016 | I15: =I14/B17*100 -> 60.712141
A16: Прибыль до налогообложения | B16: 37642 | C16: =C15+Лист5!D9-Лист5!D10+Лист5!D11-Лист5!D12 -> 392755.95 | D16: =C16-B16 -> 355113.95 | E16: =D16/B16*100 -> 943.3982 | I16: =B27/B17*100 -> 0.51397788
A17: Общая сумма всех уплаченных налогов, тыс. руб. | B17: 129383 | C17: =SUM(C21:C28) -> 199740.48 | D17: =C17-B17 -> 70357.478 | E17: =D17/B17*100 -> 54.379229
A18: Чистая прибыль (убыток) | B18: -84248 | C18: =C16-C17 -> 193015.47 | D18: =C18-B18 -> 277263.47 | E18: =D18/B18*100 -> -329.10392
A19: Рентабельность, % | B19: =B18/B9*100 -> -4.8307229 | C19: =C18/C9*100 -> 10.06125 | D19: =C19-B19 -> 14.891973 | E19: =D19-B19 -> 19.722696
A21: Налог на прибыль | B21: =Лист5!D20 -> 7528.4 | C21: =C16*0.2 -> 78551.19 | E21: =C21-B21 -> 71022.79 | F21: =E21/B21*100 -> 943.3982
A22: Налог на имущество | B22: =Лист5!D21 -> 4111 | C22: =B22 -> 4111 | E22: =C22-B22 -> 0
A23: Земельный налог | B23: =Лист5!D22 -> 42600 | C23: =B23 -> 42600 | E23: =C23-B23 -> 0
A24: Транспортный налог | B24: =Лист5!D23 -> 3068 | C24: =B24 -> 3068 | E24: =C24-B24 -> 0
A25: Взносы в социальные Фонды (ПФР, ФОС, ФОМС) | B25: =Лист5!D24 -> 65375.016 | C25: =B25 -> 65375.016 | E25: =C25-B25 -> 0
A26: Отчисления в фонд социального и медицинского страхования | B26: =Лист5!D25 -> 1681.0718 | C26: =B26 -> 1681.0718 | E26: =C26-B26 -> 0
A27: Сбор за загрязнение окружающей среды (сверхнормативные выбросы) | B27: =Лист5!D26 -> 665 | C27: 0 | E27: =C27-B27 -> -665
A28: Страхование пассажиров от несчастных случаев | B28: =Лист5!D27 -> 4354.2 | C28: =B28 -> 4354.2 | E28: =C28-B28 -> 0

Sheet Лист14 (2)
A2: Показатели | B2: Факт (2015 г.) | C2: План | D2: Изменение, (+,-)
A3: Общая сумма всех уплаченных налогов, тыс. руб. | B3: ='Лист13 (2)'!B17 -> 129383 | C3: ='Лист13 (2)'!C17 -> 199740.48 | D3: =C3-B3 -> 70357.478
A4: Доля налогов в выручке от продаж, % | B4: =Лист9!D5 -> 7.4187151 | C4: ='Лист13 (2)'!C17/'Лист13 (2)'!C9*100 -> 10.411803 | D4: =C4-B4 -> 2.9930874
A5: Доля налогов во вновь созданной стоимости, % | B5: =Лист12!D5 -> 36.842458 | C5: =C3/('Лист13 (2)'!C9-'Лист13 (2)'!C11-'Лист13 (2)'!C12-'Лист13 (2)'!C13+Лист5!D9+Лист5!D11-Лист5!D10-Лист5!D12)*100 -> 27.804535 | D5: =F5-B5 -> -36.842458
A6: Доля налогов в чистой прибыли, % | B6: 153.57 | C6: =C3/'Лист13 (2)'!C18*100 -> 103.48418 | D6: =C6-B6 -> -50.08582

Sheet Лист15
A1: Показатель | B1: Величина показателя
A2: Расходы на предпродажную подготовку | B2: 11100
A3: Накладные расходы на рекламу по продаже старой техники | B3: 110
A4: Выручка от продажи ТС, требующих замены | B4: 222660
A5: Начислено амортизационных отчислений | B5: 3756970
A6: Размер финансовых средств в распоряжении предприятия после продажи устаревшей техники | B6: =B4+B5-B3-B2 -> 3968420
A7: Общая стоимость закупки новой техники | B7: 1723595
A8: Дополнительные расходы на закупку и регистрацию новых ТС | B8: =555*3 -> 1665 | E8: =B7+B8 -> 1725260
A9: Чистый доход после замены | B9: =B6-B7-B8 -> 2243160
A10: Средняя цена единицы новой техники | B10: 3589.1
B13: =B9/B10 -> 624.99234

Sheet Лист16
A1: Компонент | B1: Показатель выброса карбюраторных ТС | C1: Показатель выброса дизельных ТС | D1: Показатель выброса карбюраторных ТС | E1: Показатель выброса дизельных ТС
A2: CO | B2: =230*$I$2 -> 6235542.7 | C2: =35*$I$3 -> 323484.18 | D2: =200*$I$2 -> 5422211.1 | E2: =25*$I$3 -> 231060.13 | H2: =Лист4!D23 -> 0.74576271 | I2: =Лист4!E27 -> 27111.055
A3: NOX | B3: =30*$I$2 -> 813331.66 | C3: =42*$I$3 -> 388181.02 | D3: =20*$I$2 -> 542221.11 | E3: =36*$I$3 -> 332726.59 | H3: =Лист4!D24 -> 0.25423729 | I3: =Лист4!E28 -> 9242.4052
A4: СХHY | B4: =32*$I$2 -> 867553.77 | C4: =10*$I$3 -> 92424.052 | D4: =25*$I$2 -> 677776.38 | E4: =8*$I$3 -> 73939.242 | H4: 1 | I4: =Лист4!E26 -> 36353.461
A5: Бенз(а)пирен | B5: =20*$I$2 -> 542221.11 | C5: - | D5: =10*$I$2 -> 271110.55 | E5: -
A6: Альдегиды | B6: =0.6*$I$2 -> 16266.633 | C6: - | D6: =0.2*$I$2 -> 5422.2111 | E6: -
A7: Сажа | B7: =1.5*$I$2 -> 40666.583 | C7: =3.5*$I$3 -> 32348.418 | D7: =1*$I$2 -> 27111.055 | E7: =3*$I$3 -> 27727.216
A8: Всего: | B8: =SUM(B2:B7) -> 8515582.5 | C8: =SUM(C2:C7) -> 836437.67 | D8: =SUM(D2:D7) -> 6945852.4 | E8: =SUM(E2:E7) -> 665453.18
C10: =B8+C8 -> 9352020.2 | E10: =D8+E8 -> 7611305.6 | F10: =C10-E10 -> 1740714.6 | G10: =F10/C10*100 -> 18.613247
H21: =555/590 -> 0.94067797
B45: =Лист4!D48 -> 0

Sheet Лист17
A1: Экологический класс ТС | B1: Количество ТС, ед. | C1: Доля в общей численности ТС, %
A3: Класс 2 | B3: 211 | C3: =B3/$B$7*100 -> 35.762712
A4: Класс 3 | B4: 199 | C4: =B4/$B$7*100 -> 33.728814
A5: Класс 4 | B5: 158 | C5: =B5/$B$7*100 -> 26.779661
A6: Класс 5 | B6: 22 | C6: =B6/$B$7*100 -> 3.7288136
A7: Всего | B7: =SUM(B3:B6) -> 590 | C7: =B7/$B$7*100 -> 100
